Map: Tacit Sanctity LE

Players

zasasqw

  • Race: Terran Terran

Dwan

  • Race: Terran Terran
  • League: Gold

summit

  • Race: Terran Terran

Warchild - Winner!

  • Race: Terran Terran

skoddet - Winner!

  • Race: Protoss Protoss

Timm - Winner!

  • Race: Protoss Protoss

VOD

Have the link to the VOD?

Description

Time

  • Played on: April 4, 2026, 12:04 p.m.
  • Length: 10:08
Show
View Real Time Build Order
Export as new Build Order

zasasqw Terran 

Build Orders:  

Get SALT Encoding   

  12  1:35  Supply Depot  
  12  2:00  Barracks  
  12  2:24  SCV, Engineering Bay  
  13  2:36  SCV  
  14  2:47  Supply Depot  
  14  2:48  SCV  
  15  3:00  SCV  
  17  3:12  SCV  
  17  3:14  Refinery  
  17  3:24  SCV  
  18  3:37  SCV  
  19  3:49  SCV  
  20  4:01  SCV  
  20  4:02  Refinery  
  21  4:13  SCV  
  22  4:18  Factory  
  22  4:25  SCV  
  23  4:37  SCV  
  24  5:27  Barracks Reactor  
  24  5:31  Factory Tech Lab  
  24  6:02  Siege Tank  
  27  6:20  Marine x2  
  27  6:38  Marine x2  
Show
View Real Time Build Order
Export as new Build Order

Dwan Terran 

Build Orders:  

Get SALT Encoding   

  12  0:02  SCV  
  13  0:15  Refinery  
  13  0:18  SCV  
  14  0:27  Supply Depot  
  14  0:35  SCV  
  15  0:49  SCV  
  16  0:53  Barracks  
  16  1:41  Supply Depot  
  16  1:46  Barracks Tech Lab  
  16  1:55  Engineering Bay  
  16  2:31  Command Center  
  16  2:42  Missile Turret, Marine  
  17  3:00  Marine, Factory  
  18  3:06  Missile Turret  
  18  3:09  Orbital Command  
  18  3:18  Marine  
  19  3:36  Marine  
  20  3:53  Factory Tech Lab  
  20  3:54  Marine  
  21  3:56  Starport  
  21  4:11  Marine  
  1  5:18  Orbital Command  
  1  5:43  Barracks Reactor  
  1  5:53  Factory Tech Lab  
  1  6:00  Starport Reactor  
Show
View Real Time Build Order
Export as new Build Order

summit Terran 

Build Orders: Command Center First 

Get SALT Encoding   

  12  0:01  SCV  
  13  0:13  SCV  
  14  0:22  Refinery  
  14  0:26  SCV  
  15  0:38  Supply Depot  
  15  0:59  SCV  
  16  1:13  SCV  
  16  1:17  Refinery  
  17  1:32  Command Center  
  17  1:33  SCV  
  18  1:49  Barracks  
  18  2:10  Refinery  
  18  2:26  SCV  
  19  2:32  Supply Depot  
  19  2:38  SCV  
  20  2:46  Factory  
  20  2:50  Marine  
  21  2:55  SCV  
  22  3:14  Engineering Bay  
  22  3:19  SCV  
  23  3:24  SCV  
  24  3:31  SCV  
  25  3:36  SCV  
  26  3:43  SCV  
  27  3:51  Starport  
  27  3:52  SCV  
  28  4:00  Factory Tech Lab  
  29  4:10  SCV, Missile Turret  
  29  4:20  Planetary Fortress  
  29  4:25  Planetary Fortress  
  29  4:38  Siege Tank  
  32  4:46  Marine  
  23  5:15  SCV  
  20  5:23  Marine  
Show
View Real Time Build Order
Export as new Build Order

Warchild Terran - Winner!

Build Orders:  

Get SALT Encoding   

  12  0:01  SCV  
  13  0:14  SCV  
  14  0:25  Supply Depot  
  14  0:27  SCV  
  15  0:47  SCV  
  15  0:49  Barracks  
  16  0:53  Barracks  
  16  1:01  SCV, Refinery  
  17  1:15  SCV  
  18  1:20  Barracks  
  18  1:27  Supply Depot  
  18  1:39  Orbital Command  
  18  1:45  Marine  
  19  1:47  Marine  
  20  2:02  Engineering Bay  
  20  2:06  SCV  
  20  2:08  Marine  
  22  2:10  Marine  
  22  2:15  Marine  
  24  2:25  Supply Depot  
  24  2:26  Marine  
  24  2:27  Marine  
  26  2:33  Terran Infantry Weapons Level 1  
  26  2:35  Marine  
  27  2:43  Marine  
  28  2:49  SCV  
  28  2:50  Marine  
  30  2:58  Barracks Tech Lab  
  30  2:59  Supply Depot  
  30  3:01  Marine  
  31  3:08  Marine  
  32  3:16  Combat Shield  
  32  3:19  Marine  
  33  3:21  Marine  
  33  3:26  Marine, SCV  
  36  3:36  Supply Depot  
  36  3:37  Marine  
  36  3:39  Marine  
  38  3:46  Marine  
  39  3:55  Marine  
  40  3:57  Marauder  
  40  4:00  SCV  
  43  4:04  Marine  
  44  4:12  SCV, Marine  
  46  4:18  Marine  
  47  4:27  Terran Infantry Armor Level 1  
  47  4:29  Marine  
  47  4:30  Marine  
  49  4:36  Marine  
  50  4:47  Marine  
  50  4:48  Marine  
  48  5:22  Marine  
  48  5:23  Marine x2  
  51  5:40  Marine  
  51  5:41  Marine x2  
  54  5:53  SCV  
  55  8:02  Refinery  
  55  8:18  Command Center  
  55  8:37  Command Center  
  55  8:54  Factory  
  55  9:29  Marine x3  
  55  9:30  SCV  
  59  9:32  Orbital Command  
  59  9:38  Starport  
  59  9:42  SCV, Refinery  
  60  9:47  Marine x3  
  63  9:54  SCV  
Show
View Real Time Build Order
Export as new Build Order

skoddet Protoss - Winner!

Build Orders: Dark Templar Rush 

Get SALT Encoding   

  1  0:00  Probe  
  12  0:06  Probe  
  14  0:16  Probe  
  15  0:25  Pylon  
  15  0:43  Probe  
  15  0:49  Pylon  
  16  0:54  Gateway  
  16  0:55  Probe  
  17  1:07  Probe  
  18  1:13  Gateway  
  18  1:19  Probe  
  18  1:22  Assimilator  
  19  1:31  Probe  
  20  1:36  Gateway  
  20  1:43  Probe  
  21  1:53  Cybernetics Core  
  21  1:56  Probe  
  21  1:57  Pylon  
  22  2:06  Zealot  
  22  2:08  Probe  
  25  2:18  Zealot  
  27  2:24  Assimilator, Probe  
  28  2:32  Zealot  
  28  2:33  Twilight Council  
  28  2:41  Zealot  
  31  2:44  Probe  
  33  2:52  Zealot  
  35  2:58  Zealot  
  35  3:00  Charge  
  35  3:03  Zealot  
  39  3:25  Forge  
  39  3:31  Pylon  
  39  3:40  Dark Shrine  
  39  3:41  Warp Gate  
  39  4:00  Photon Cannon  
  39  4:07  Photon Cannon  
  39  4:34  Stalker  
  41  4:41  Stalker  
  43  5:19  Pylon  
  37  5:40  Dark Templar x3  
  43  5:43  Photon Cannon  
  37  6:14  Dark Templar x2  
  37  6:16  Zealot  
  43  6:58  Nexus  
  43  7:03  Dark Templar  
  43  7:04  Dark Templar x2  
  49  7:11  Pylon  
  49  7:30  Photon Cannon  
  49  7:32  Photon Cannon  
  49  7:34  Photon Cannon  
  49  7:37  Stargate  
  49  7:39  Shield Battery  
  49  7:41  Pylon  
  49  7:57  Pylon  
  49  8:08  Assimilator, Probe  
  50  8:16  Pylon  
  50  8:20  Probe  
  50  8:22  Void Ray  
  55  8:31  Probe  
  55  8:32  Probe  
  55  8:33  Stargate  
  56  8:39  Probe  
  57  8:44  Probe  
  59  8:48  Probe  
  59  8:54  Stargate  
  60  8:57  Probe  
  60  9:00  Probe  
  62  9:08  Probe  
  62  9:09  Probe  
  63  9:14  Assimilator  
  63  9:16  Probe  
  65  9:26  Robotics Facility  
  65  9:27  Probe  
  66  9:39  Probe  
Show
View Real Time Build Order
Export as new Build Order

Timm Protoss - Winner!

Build Orders:  

Get SALT Encoding   

  1  0:00  Probe  
  12  0:06  Probe  
  14  0:20  Pylon  
  14  0:35  Pylon  
  14  0:38  Probe  
  15  1:02  Gateway  
  15  1:09  Forge  
  15  1:13  Gateway  
  15  1:20  Gateway  
  15  1:22  Probe  
  16  1:34  Probe  
  16  1:35  Assimilator  
  17  1:42  Probe  
  18  1:50  Probe  
  18  1:53  Zealot  
  20  2:00  Zealot, Probe  
  23  2:07  Zealot  
  26  2:20  Zealot  
  28  2:27  Zealot  
  28  2:28  Assimilator  
  30  2:38  Pylon  
  30  2:40  Probe  
  31  2:52  Zealot x2  
  35  3:00  Cybernetics Core  
  35  3:29  Protoss Ground Weapons Level 1  
  35  3:38  Twilight Council  
  35  3:46  Stalker  
  35  3:50  Nexus  
  25  5:39  Zealot x3  
  31  6:06  Zealot x3  
  37  6:30  Stalker x2  
  37  6:33  Zealot  
  43  6:57  Stalker  
  45  7:03  Probe  
  46  7:15  Probe  
  47  7:27  Probe  
  48  7:39  Probe  
  49  7:51  Probe  
  49  7:56  Stalker x2  
Tags
 
Add a new tag
Caveats
  • Supply blocks, unpowered buildings, or Contaminate may cause inaccurate times.
  • Supply counts are checked every 10 seconds.